Map: New Repugnancy LE

Players

Mesrob

  • Race: Terran Terran
  • League: Platinum
  • Spawn Location: 1:00

Leo - Winner!

  • Race: Terran Terran
  • League: Gold
  • Spawn Location: 7:00

VOD

Have the link to the VOD?

Description

Time

  • Played on: Jan. 26, 2019, 4:21 p.m.
  • Length: 19:38
Show
View Real Time Build Order
Export as new Build Order

Mesrob Terran 

Build Orders: Mech 

Get SALT Encoding   

  12  0:00  SCV  
  13  0:12  SCV  
  14  0:18  Supply Depot  
  14  0:24  SCV  
  15  0:40  Barracks, SCV  
  16  0:47  Refinery  
  16  0:52  SCV  
  17  1:04  SCV  
  18  1:16  SCV  
  19  1:28  Orbital Command  
  19  1:45  Command Center  
  19  1:51  Marine  
  20  2:04  SCV, Bunker  
  21  2:13  Factory  
  20  2:20  SCV  
  21  2:27  Barracks Tech Lab  
  21  2:31  Refinery  
  21  2:32  SCV  
  22  2:38  Supply Depot  
  22  2:44  SCV  
  23  2:57  SCV  
  23  3:15  Engineering Bay, Siege Tank  
  26  3:26  Supply Depot  
  26  3:27  Orbital Command  
  26  3:28  SCV  
  27  3:40  SCV  
  28  3:43  Supply Depot  
  28  3:47  Siege Tank  
  31  3:49  Missile Turret  
  31  3:52  SCV  
  31  3:54  Missile Turret  
  33  3:55  SCV  
  33  4:09  Refinery, Marine  
  34  4:17  SCV x2  
  34  4:19  Siege Tank  
  34  4:22  Refinery  
  39  4:29  SCV  
  40  4:33  Armory  
  40  4:39  SCV  
  41  4:51  SCV  
  42  4:53  SCV  
  42  4:59  Siege Tank  
  46  5:13  Command Center  
  46  5:20  Factory  
  46  5:22  Missile Turret  
  46  5:25  Factory  
  46  5:26  SCV  
  46  5:28  SCV  
  48  5:43  Missile Turret  
  48  5:44  Missile Turret  
  47  5:52  Thor  
  51  6:11  Missile Turret  
  51  6:13  Missile Turret  
  50  6:28  Missile Turret  
  49  6:37  Missile Turret  
  48  7:03  Factory Reactor x2  
  48  7:06  Factory  
  48  7:13  SCV x2  
  50  7:25  SCV x2  
  52  7:33  Missile Turret  
  52  7:37  SCV x2  
  52  7:41  Refinery  
  54  7:46  Refinery  
  54  7:49  SCV x2  
  54  7:50  Thor  
  62  7:54  Missile Turret  
  62  7:57  Hellbat  
  64  8:01  Factory Tech Lab, SCV  
  64  8:02  SCV  
  66  8:08  Factory  
  66  8:12  Planetary Fortress  
  66  8:14  SCV  
  67  8:33  Factory  
  67  8:35  Factory  
  67  8:37  Factory  
  67  8:42  Thor  
  73  8:58  SCV  
  73  9:00  SCV  
  75  9:04  SCV  
  75  9:09  Refinery  
  76  9:10  SCV  
  76  9:12  Refinery  
  77  9:23  Sensor Tower  
  77  9:26  Terran Vehicle Weapons Level 1  
  77  9:27  SCV  
  77  9:28  Factory Tech Lab x2, SCV  
  77  9:29  Missile Turret  
  77  9:30  SCV  
  74  9:39  SCV  
  74  9:40  SCV  
  74  9:42  SCV  
  76  9:50  Missile Turret  
  76  9:51  SCV  
  75  9:54  SCV  
  74  10:03  SCV  
  74  10:05  Thor  
  77  10:12  Missile Turret  
  77  10:19  Missile Turret  
  77  10:28  Refinery  
  77  10:31  Refinery  
  77  10:37  Factory Tech Lab  
  77  10:39  Factory Reactor, Missile Turret  
  77  10:49  Sensor Tower  
  77  11:20  Supply Depot  
  77  11:23  Marine, SCV  
  77  11:24  Hellbat x2, Hellion  
  85  11:27  Hellion, Thor  
  85  11:28  Supply Depot  
  93  11:42  Marine  
  94  11:47  Command Center  
  94  11:49  Supply Depot  
  94  11:53  Supply Depot  
  94  11:54  Sensor Tower  
  94  11:56  Hellbat  
  94  11:57  Hellbat x3  
  94  11:58  Supply Depot  
  94  11:59  Marine  
  103  12:12  SCV  
  103  12:13  SCV x2  
  106  12:18  Supply Depot  
  106  12:24  SCV  
  106  12:25  SCV x2  
  106  12:26  Thor  
  106  12:27  Supply Depot  
  115  12:36  SCV  
  113  12:37  SCV  
  113  12:42  Supply Depot  
  113  12:50  Command Center  
  113  13:05  Supply Depot  
  113  13:07  Sensor Tower  
  112  13:15  Planetary Fortress  
  112  13:28  Missile Turret  
  112  13:48  Missile Turret  
  112  14:01  Missile Turret  
  112  14:03  Missile Turret, SCV  
  113  14:10  Hellion, Missile Turret  
  113  14:11  SCV  
  113  14:15  SCV  
  113  14:16  SCV  
  116  14:20  Hellion  
  116  14:23  SCV  
  117  14:26  Refinery  
  117  14:28  SCV  
  117  14:29  SCV  
  117  14:30  Refinery  
  119  14:33  Missile Turret  
  119  14:35  SCV  
  120  14:40  SCV  
  120  14:41  SCV  
  116  14:53  Missile Turret  
  98  15:12  Thor x4  
  98  15:13  Thor  
  103  15:14  Hellbat  
  103  15:15  Hellbat x3  
  90  15:39  Hellbat x3  
  90  15:40  Hellbat x2  
  90  15:41  Hellbat  
  100  15:55  Thor  
  101  15:58  Command Center  
  86  16:26  Command Center  
  86  16:33  Thor  
  86  16:35  Hellion  
  88  17:00  Command Center  
  88  17:02  Hellion  
  88  17:04  Refinery  
  88  17:07  Hellbat  
  88  17:08  Hellbat  
  92  17:45  Planetary Fortress  
  92  17:52  SCV x2  
  92  18:04  SCV x2  
  94  18:16  SCV x2  
  96  18:25  Thor x3  
  96  18:26  Thor  
  120  18:28  SCV x2  
  120  18:33  SCV  
  123  18:36  Refinery  
  123  18:40  SCV x2  
  125  18:45  SCV  
  126  18:52  SCV  
  126  18:53  SCV  
  86  18:57  SCV  
  75  19:04  SCV  
  75  19:05  SCV  
  75  19:09  SCV  
  71  19:16  SCV  
  72  19:21  SCV  
Show
View Real Time Build Order
Export as new Build Order

Leo Terran - Winner!

Build Orders: Gas First Reaper Expand 

Get SALT Encoding   

  12  0:00  SCV  
  13  0:13  SCV  
  14  0:21  Supply Depot  
  14  0:25  SCV  
  15  0:31  Refinery  
  15  0:43  SCV  
  15  0:48  Barracks  
  16  0:55  SCV  
  17  1:07  SCV  
  18  1:19  SCV  
  19  1:35  Orbital Command, Reaper  
  20  1:48  Command Center  
  20  1:59  Factory  
  20  2:03  SCV  
  21  2:09  Refinery  
  21  2:17  Supply Depot  
  21  2:21  SCV  
  22  2:25  Barracks Reactor  
  22  2:33  SCV  
  23  2:42  Factory Tech Lab  
  23  2:46  Starport  
  22  3:00  SCV  
  23  3:09  Hellion  
  23  3:11  Hellion, Orbital Command  
  27  3:17  Supply Depot  
  27  3:19  SCV  
  28  3:29  Fusion Core  
  28  3:35  Viking  
  28  3:37  SCV  
  28  3:40  SCV  
  32  3:45  Hellion  
  36  3:48  Hellion  
  36  4:00  SCV  
  36  4:01  SCV  
  38  4:08  Refinery  
  38  4:11  Hellion  
  40  4:25  Supply Depot, Battlecruiser  
  40  4:29  Hellion, SCV  
  49  4:34  SCV  
  50  4:41  SCV  
  51  4:49  Supply Depot  
  51  4:50  SCV  
  51  4:52  Hellion  
  54  4:56  Barracks Tech Lab  
  54  4:58  SCV  
  55  5:03  SCV  
  55  5:04  Weapon Refit  
  56  5:11  Factory  
  57  5:14  SCV  
  57  5:18  Supply Depot  
  57  5:22  Refinery  
  57  5:45  Battlecruiser  
  57  5:47  SCV x2  
  65  6:10  Siege Tank  
  68  6:12  Factory Tech Lab  
  68  6:16  SCV x2  
  70  6:18  Starport  
  70  6:19  Supply Depot  
  70  6:26  Command Center  
  70  6:28  SCV x2  
  72  6:42  SCV x2  
  74  6:50  Battlecruiser  
  80  6:59  SCV  
  80  7:00  SCV  
  82  7:11  Barracks Tech Lab  
  82  7:14  SCV x2  
  84  7:20  Liberator  
  84  7:23  Liberator  
  84  7:31  SCV x2  
  86  7:40  Supply Depot  
  86  7:42  Siege Tank  
  86  7:43  Siege Tank  
  98  7:49  Engineering Bay  
  98  7:56  Engineering Bay  
  98  7:57  Barracks  
  98  7:59  Barracks  
  98  8:00  Barracks  
  98  8:04  Supply Depot, SCV x2, Barracks x2  
  100  8:09  Orbital Command  
  100  8:34  Siege Tank  
  100  8:39  SCV x3  
  106  8:43  Refinery  
  106  8:49  Barracks Reactor x3  
  106  8:54  Supply Depot  
  106  9:00  Terran Infantry Weapons Level 1  
  106  9:03  Terran Infantry Armor Level 1  
  106  9:08  Stimpack  
  106  9:16  Supply Depot, Advanced Ballistics  
  106  9:27  SCV  
  106  9:28  SCV x2  
  100  10:07  SCV x2  
  100  10:08  SCV  
  100  10:11  Refinery  
  100  10:12  Marine x4  
  100  10:13  Marine x5  
  112  10:18  Siege Tank  
  112  10:19  Siege Tank  
  118  10:22  Medivac  
  118  10:23  Medivac x2  
  124  10:29  SCV x3  
  124  10:30  Marine x2  
  129  10:35  Barracks Reactor  
  129  10:36  Supply Depot, Barracks Reactor  
  129  10:37  Marine x5, Supply Depot  
  134  10:47  Combat Shield, Barracks  
  134  10:50  Barracks  
  134  10:52  Starport  
  134  10:56  Siege Tank  
  137  10:57  Siege Tank  
  137  11:02  Marine x3  
  137  11:03  Marine x4  
  147  11:05  Medivac x3  
  147  11:06  SCV x3  
  156  11:15  Sensor Tower  
  156  11:17  Marine x2  
  158  11:18  SCV x3  
  158  11:20  Marine  
  158  11:24  Armory  
  162  11:26  Armory  
  162  11:27  Supply Depot  
  162  11:28  Supply Depot  
  162  11:30  Supply Depot  
  162  11:35  Medivac  
  164  11:49  Medivac  
  166  11:55  Marine x7  
  166  11:56  Marine x2  
  166  12:00  Siege Tank  
  178  12:18  SCV x2  
  178  12:19  Marine x2  
  178  12:20  Marine x5  
  174  12:43  Medivac x2  
  174  12:44  Medivac  
  163  12:49  Marine x2  
  163  12:50  Marine x3  
  150  13:13  Medivac  
  150  13:18  Marine x7  
  150  13:19  Marine x5  
  164  13:20  Terran Infantry Weapons Level 2  
  164  13:21  Terran Infantry Armor Level 2  
  164  13:35  Factory Tech Lab  
  164  13:40  Marine x3  
  164  13:41  Marine x2  
  168  13:42  Marine  
  170  13:49  Marine x5  
  170  13:54  Supply Depot  
  170  13:55  Supply Depot  
  175  14:01  Marine x2  
  177  14:07  Liberator  
  177  14:08  Liberator  
  177  14:09  Liberator  
  177  14:23  Starport Reactor  
  171  15:07  Marine x4  
  171  15:08  Marine x7  
  171  15:09  Marine, Siege Tank  
  171  15:10  Siege Tank  
  152  15:42  Siege Tank  
  155  15:47  Marine x2  
  155  15:48  Marine x5  
  159  16:06  Marine x2  
  159  16:07  Marine x7  
  145  16:20  Marine x4  
  145  16:24  Marine  
  147  16:30  Marine x8  
  147  16:32  Medivac x4  
  163  16:33  Medivac  
  163  16:35  Siege Tank  
  163  16:36  Siege Tank  
  163  16:38  Marine  
  172  16:44  Marine x4  
  172  16:46  Terran Infantry Weapons Level 3  
  172  16:47  Terran Infantry Armor Level 3  
  173  16:59  Marine x3  
  171  17:11  Marine x3  
  171  17:12  Marine x5, Command Center  
  179  17:20  Command Center  
  179  17:22  Marine x5  
  184  17:29  Marine x5  
  189  17:38  Marine  
  189  17:39  Marine x2  
  192  17:51  Marine x7  
  198  18:08  Medivac  
  200  18:39  Planetary Fortress  
Tags
 
Composition
Mech
Matchup
TvT
Race
Terran
Replay Pack
sc2 replays
Spawn Locations
Cross Positions
Add a new tag
Caveats
  • Supply blocks, unpowered buildings, or Contaminate may cause inaccurate times.
  • Supply counts are checked every 10 seconds.